 Dungeon Crawl Stone Soup version 0.20.1-1-g8b1a95d (webtiles) character file.

889 Energizer the Slasher (level 7, -2/49 HPs)
             Began as a Demonspawn Chaos Knight on July 21, 2017.
             Killed from afar by an orc wizard (3 damage)
             ... with a magic dart
             ... on level 5 of the Dungeon.
             The game lasted 00:15:34 (3854 turns).

Energizer the Slasher (Demonspawn Chaos Knight)     Turns: 3854, Time: 00:15:34

Health: -2/49      AC:  6    Str: 12    XL:     7   Next: 77%
Magic:  7/7        EV: 13    Int: 14    God:    Xom [.*....]
Gold:   269        SH:  0    Dex: 16    Spells: 6/6 levels left

rFire    . . .     SeeInvis .   a - +0 falchion (chaos)
rCold    . . .     Gourm    .   (no shield)
rNeg     . . .     Faith    .   b - +2 leather armour
rPois    .         Spirit   .   (helmet restricted)
rElec    .         Reflect  .   F - +0 cloak
rCorr    .         Harm     .   (no gloves)
MR       .....     Clarity  +   (no boots)
Stlth    ++........             (no amulet)
Regen    0.6/turn               (no ring)
MPRegen  0.1/turn               (no ring)

@: no status effects
A: horns 1, thin skeletal structure 2, clarity, deterioration 1, frail 1, sense
surroundings 1, powered by pain 2, regeneration 1, weak 1
a: Renounce Religion


You were on level 5 of the Dungeon.
You worshipped Xom.
You were a plaything of Xom.
You were not hungry.

You visited 1 branch of the dungeon, and saw 5 of its levels.

You collected 269 gold pieces.

Inventory:

Hand Weapons
 a - a +0 falchion of chaos (weapon)
 H - a +0 shortbow
Missiles
 I - 21 arrows (quivered)
Armour
 b - a +2 leather armour (worn)
 u - a scarf of spirit shield
 z - a +1 leather armour of fire resistance
 F - a +0 cloak (worn)
Jewellery
 l - a +3 ring of slaying {unknown}
 o - an uncursed amulet of rage {unknown}
Wands
 A - a wand of random effects (15/48)
 E - a wand of polymorph (15/24)
Scrolls
 d - 2 scrolls of teleportation {unknown}
 g - 4 scrolls of enchant weapon {unknown}
 j - 7 scrolls of identify {unknown}
 k - 3 scrolls of amnesia {unknown}
 m - a scroll of fear {unknown}
 q - 3 scrolls of recharging {unknown}
 v - a scroll of random uselessness {unknown}
 x - a scroll of blinking {unknown}
 y - 4 scrolls of remove curse {unknown}
 D - a scroll of enchant armour {unknown}
 J - a scroll of immolation {unknown}
Potions
 e - 3 potions of brilliance {unknown}
 f - a potion of cancellation {unknown}
 h - a potion of heal wounds {unknown}
 i - a potion of berserk rage {unknown}
 r - a potion of invisibility {unknown}
 s - 2 potions of haste {unknown}
 w - a potion of curing {unknown}
 B - a potion of might {unknown}
 C - 2 potions of lignification {unknown}
 G - a potion of ambrosia {unknown}
Comestibles
 c - 5 bread rations
 n - 2 meat rations
 p - a royal jelly
 t - a fruit
 K - a chunk of flesh


   Skills:
 + Level 4.9 Fighting
 * Level 5.7 Long Blades
 + Level 3.9 Armour
 + Level 3.6 Dodging


You had 6 spell levels left.
You didn't know any spells.

Dungeon Overview and Level Annotations

Branches:
Dungeon (5/15)
 Temple: D:4-7

Altars:
Fedhas
Nemelex Xobeh
Sif Muna
Zin

Annotations:
D:3 Grinder, Sigmund


Innate Abilities, Weirdness & Mutations

You have a pair of small horns on your head.
You have a moderately thin skeletal structure. (Dex +4, Stealth+)
You sometimes gain power by taking damage.
You possess an exceptional clarity of mind.
Your body sometimes deteriorates upon taking damage.
You are frail. (-10% HP)
You passively map a small area around you.
Your natural rate of healing is unusually fast.
You are weak. (Str -2)


Message History

You swap places.
Something misses your butterfly.
The orc completely misses your butterfly.
The orc priest completely misses your butterfly.
The orc priest looks braver for a moment.
The orc priest closely misses your butterfly.
Something hits you but does no damage.
A magic dart appears from out of thin air!
The magic dart hits you!
* * * LOW HITPOINT WARNING * * *
You hear some strange, mumbled words.
A puff of frost appears from out of thin air!
The puff of frost hits you!
* * * LOW HITPOINT WARNING * * *
There is an open door here.
A puff of flame appears from out of thin air!
The puff of flame hits you!
* * * LOW HITPOINT WARNING * * *
A magic dart appears from out of thin air!
The magic dart hits you!
You die...

#b..##..##..##......
#..b##..##..##.....#
#.o.........##.....#
#b...........#.....#
#...##..##..##.....+
#...######..###+####
#...##...#..# ,
##'###...#..+,, , *,
#..@##..##..#* ,
#...##..##+## ,, ,
#...#....#,
#...'....# ,
########## * *


You could see an orc priest.

Vanquished Creatures
  A sky beast (D:5)
  A phantom (D:5)
  A centaur (D:5)
  Blork the orc (D:4)
  A howler monkey (D:4)
  2 crimson imps
  A hound (D:4)
  Crazy Yiuf (D:4)
  An orc priest (D:3)
  A jelly (D:4)
  An iguana (D:5)
  4 worker ants
  A hound skeleton (D:4)
  A howler monkey skeleton (D:5)
  7 adders
  An adder zombie (D:3)
  3 worms
  A dart slug (D:2)
  4 leopard geckos
  7 orcs
  4 giant cockroaches
  16 goblins
  11 hobgoblins
  3 jackals (D:3)
  6 kobolds
  5 quokkas
  3 ball pythons
  8 bats
  6 frilled lizards
  2 leopard gecko skeletons
  6 rats
111 creatures vanquished.

Vanquished Creatures (collateral kills)
  Terence (D:3)
  Robin (D:3)
  An orc (D:3)
  A giant cockroach (D:3)
  4 goblins (D:3)
  2 hobgoblins (D:3)
10 creatures vanquished.

Grand Total: 121 creatures vanquished

Notes
Turn   | Place    | Note
-------+----------+-------------------------------------------
     0 | D:1      | Energizer the Demonspawn Chaos Knight began the quest for the Orb.
     0 | D:1      | Reached XP level 1. HP: 18/18 MP: 1/1
    42 | D:1      | XOM: harmless Conj miscast
    53 | D:1      | Reached skill level 1 in Dodging
   129 | D:1      | Gained mutation: You have a somewhat thin skeletal structure. (Dex +2, Stealth) [demonic ancestry]
   129 | D:1      | Reached XP level 2. HP: 24/24 MP: 2/2
   177 | D:1      | Reached skill level 3 in Long Blades
   369 | D:1      | XOM: divination: detect items
   689 | D:1      | XOM: give mutations
   689 | D:1      | Gained mutation: You passively map a small area around you. [Xom's grace]
   689 | D:1      | Gained mutation: You are agile. (Dex +2) [Xom's grace]
   689 | D:1      | Gained mutation: You possess an exceptional clarity of mind. [Xom's grace]
   689 | D:1      | Gained mutation: Your natural rate of healing is unusually fast. [Xom's grace]
   716 | D:1      | XOM: god gift: scroll labeled MANAYR SAREN {god gift}
   789 | D:2      | Gained mutation: You sometimes gain a little power by taking damage. [demonic ancestry]
   789 | D:2      | Reached XP level 3. HP: 29/29 MP: 3/3
  1437 | D:2      | Found a deep blue altar of Sif Muna.
  1482 | D:3      | Noticed Terence
  1485 | D:3      | XOM: cast spell 'Summon Ice Beast'
  1489 | D:3      | Killed Terence
  1489 | D:3      | Gained mutation: You have a pair of small horns on your head. [demonic ancestry]
  1489 | D:3      | Reached XP level 4. HP: 36/36 MP: 4/4
  1596 | D:3      | Found a blossoming altar of Fedhas.
  1698 | D:3      | Noticed Sigmund
  1739 | D:3      | Found a sparkling altar of Nemelex Xobeh.
  1749 | D:3      | Found a glowing silver altar of Zin.
  1764 | D:3      | Noticed Grinder
  1765 | D:3      | Noticed Robin
  1766 | D:3      | XOM: summons 4 friendly demons
  1782 | D:3      | Gained mutation: You sometimes gain power by taking damage. [demonic ancestry]
  1782 | D:3      | Reached XP level 5. HP: 34/42 MP: 5/5
  1787 | D:3      | Killed Robin
  2000 | D:3      | XOM: confuse monster(s)
  2012 | D:3      | XOM: enchant monster (good)
  2020 | D:2      | XOM: cloud trail
  2063 | D:3      | XOM: cast spell 'Cause Fear'
  2068 | D:3      | Paralysed by Grinder for 4 turns
  2083 | D:3      | XOM: god gift: 21 arrows
  2092 | D:3      | Paralysed by Grinder for 2 turns
  2100 | D:3      | XOM: harmless Summ miscast
  2249 | D:3      | XOM: confuse monster(s)
  2421 | D:3      | XOM: harmless Tmut miscast
  2468 | D:3      | Reached skill level 4 in Long Blades
  2493 | D:3      | XOM: enchant monster (bad)
  2662 | D:3      | XOM: summons 2 hostile demons
  2724 | D:3      | XOM: harmless Ice miscast
  2810 | D:4      | Noticed Blork the orc
  2818 | D:3      | XOM: give mutations
  2818 | D:3      | Gained mutation: You are weak. (Str -2) [Xom's mischief]
  2818 | D:3      | Gained mutation: Your body sometimes deteriorates upon taking damage. [Xom's mischief]
  2818 | D:3      | Lost mutation: You are agile. (Dex +2) [Xom's mischief]
  2828 | D:3      | Gained mutation: You have a moderately thin skeletal structure. (Dex +4, Stealth+) [demonic ancestry]
  2828 | D:3      | Reached XP level 6. HP: 36/48 MP: 6/6
  2868 | D:4      | XOM: repel stairs
  2869 | D:4      | Killed Blork the orc
  3221 | D:4      | Found a runed door.
  3415 | D:4      | Noticed Crazy Yiuf
  3420 | D:4      | Killed Crazy Yiuf
  3464 | D:5      | Entered Level 5 of the Dungeon
  3469 | D:5      | XOM: enchant monster (bad)
  3502 | D:4      | Reached skill level 5 in Long Blades
  3527 | D:5      | Reached XP level 7. HP: 55/55 MP: 7/7
  3558 | D:5      | XOM: give mutation
  3558 | D:5      | Gained mutation: You are frail. (-10% HP) [Xom's mischief]
  3564 | D:5      | XOM: enchant monster (bad)
  3839 | D:5      | XOM: swap monsters
  3840 | D:5      | XOM: noise
  3844 | D:5      | XOM: butterfly on damage
  3852 | D:5      | HP: 2/49 [something/puff of frost (6)]
  3854 | D:5      | Killed from afar by an orc wizard

Skill      XL: |  1  2  3  4  5  6 |
---------------+-------------------+-----
Dodging        | 1 2 3 |  3.6
Long Blades    | 3 4 5 |  5.7
Armour         | 2 3 |  3.9
Fighting       | 4 |  4.9

Action                   |  1- 3 |  4- 6 |  7- 9 || total
-------------------------+-------+-------+-------++-------
Melee: Falchion          |   106 |   181 |    67 ||   354
       Headbutt          |       |    40 |    20 ||    60
 Stab: Sleeping          |     4 |     5 |     2 ||    11
       Petrifying        |     1 |       |       ||     1
       Distracted        |       |     1 |       ||     1
       Confused          |       |       |     1 ||     1
  Eat: Chunk             |     2 |     7 |     1 ||    10
Armor: Leather armour    |    26 |    60 |    19 ||   105
Dodge: Dodged            |    63 |   103 |    45 ||   211
       Rpst.: Falchion   |    29 |    35 |    14 ||    78
